 Dungeon Crawl Stone Soup version 0.30-a0-760-g5a9884bb7c (webtiles) character file.

Game seed: 9839266106371563326

420 jimonade the Poker (level 6, -1/46 HPs)
             Began as a Merfolk Warper on Feb 12, 2023.
             Killed from afar by an orc wizard (7 damage)
             ... with a magic dart
             ... on level 5 of the Dungeon.
             The game lasted 00:13:04 (5474 turns).

jimonade the Poker (Merfolk Warper)                 Turns: 5474, Time: 00:13:05

Health: -1/46      AC:  7    Str: 13    XL:     6   Next: 94%
Magic:  10/10      EV: 11    Int: 12    God:
Gold:   321        SH:  0    Dex: 14    Spells: 10/10 levels left

rFire   . . .      SeeInvis .    a - +0 spear
rCold   . . .      Faith    .    (no shield)
rNeg    . . .      Spirit   .    v - +0 ring mail
rPois   .          Reflect  .    u - +1 helmet
rElec   .          Harm     .    (no cloak)
rCorr   .          Rampage  .    (no gloves)
Will    .....                    (no boots)
Stlth   +                        (no amulet)
HPRegen 0.27/turn                k - ring of flight
MPRegen 0.12/turn                (no ring)

@: flying
A: (nimble swimmer 2), mertail
a: no special abilities


You were on level 5 of the Dungeon.
You visited 1 branch of the dungeon, and saw 5 of its levels.

You collected 321 gold pieces.

Inventory:

Hand Weapons
 a - a +0 spear (weapon)
 b - a +0 sling
 r - the +5 dagger "Ommigoto" {flame, Int+3 Dex-5}
   (You found it on level 2 of the Dungeon)

   Int:       It affects your intelligence (+3).
   Dex:       It affects your dexterity (-5).
Missiles
 d - 4 boomerangs of dispersal (quivered)
 n - 45 stones
 z - 8 poisoned darts
Armour
 g - a +0 leather armour
 u - a +1 helmet (worn)
 v - a +0 ring mail (worn)
Jewellery
 k - a ring of flight (left hand)
 y - a ring of magical power
Scrolls
 c - a scroll of blinking
 h - a scroll of teleportation {unknown}
 j - a scroll of enchant armour
 m - a scroll of magic mapping {unknown}
 p - 3 scrolls of fog
 q - a scroll of poison {unknown}
 t - a scroll of fear {unknown}
 w - a scroll of summoning {unknown}
Potions
 e - 3 potions of mutation
 i - a potion of haste
 l - a potion of heal wounds {unknown}
 s - 2 potions of curing
 x - 2 potions of berserk rage


   Skills:
 + Level 2.9 Fighting
 * Level 5.9 Polearms
 + Level 1.0 Throwing
 + Level 2.0 Armour
 + Level 3.6 Dodging
 * Level 2.8 Spellcasting
 * Level 1.5 Hexes
 * Level 3.2 Translocations


You had 10 spell levels left.
You didn't know any spells.
Your spell library contained the following spells:

 Spells                   Type           Power      Damage    Failure   Level
 Blink                    Tloc           18%        N/A       22%         2
 Lesser Beckoning         Tloc           18%        N/A       22%         2
 Slow                     Hex            20%        N/A       28%         1
 Teleport Other           Tloc           9%         N/A       38%         3
 Portal Projectile        Hex/Tloc       14%        N/A       52%         3
 Confusing Touch          Hex            5%         N/A       63%         3
 Tukima's Dance           Hex            5%         N/A       63%         3
 Vhi's Electric Charge    Tloc/Air       10%        N/A       63%         3
 Manifold Assault         Tloc           9%         N/A       80%         4
 Vampiric Draining        Necr           1%         2d6       85%         3
 Summon Ice Beast         Ice/Summ       1%         N/A       99%         4
 Blade Hands              Tmut           0%         N/A       100%        5
 Summon Mana Viper        Hex/Summ       3%         N/A       100%        5
 Monstrous Menagerie      Summ           0%         N/A       100%        7


Dungeon Overview and Level Annotations

Branches:
Dungeon (5/15)
 Temple: D:4-7

Altars:
Ru
Uskayaw


Innate Abilities, Weirdness & Mutations

((You are very nimble when in or above water. (Stealth+, EV+, Speed+++)))
Your lower body shifts to a powerful aquatic tail in water.


Message History

You hit something but do no damage. You miss something.
The orc hits you with a +0 whip. x2
Something hits you but does no damage.
You hit something. The orc closely misses you.
The orc hits you but does no damage. Something hits you.
You hit something but do no damage. The orc hits you with a +0 whip.
The orc closely misses you. Something hits you but does no damage.
You barely miss something. The orc hits you with a +0 whip. x2
Something hits you.
You closely miss something. You hit something but do no damage.
The orc misses you. The orc hits you but does no damage.
Something hits you but does no damage.
You hit something.
The orc barely misses you. x2; Something hits you.
You barely miss the orc. The orc closely misses you.
The orc hits you with a +0 whip. Something hits you but does no damage.
You hit the orc.
The orc is heavily wounded.
The orc closely misses you. x2; Something hits you but does no damage.
You barely miss the orc.
The orc is heavily wounded.
You hit the orc but do no damage.
The orc is heavily wounded.
The orc hits you with a +0 whip.
* * * LOW HITPOINT WARNING * * *
The orc closely misses you. Something hits you.
* * * LOW HITPOINT WARNING * * *
You hit the orc.
You kill the orc!
Something hits you.
* * * LOW HITPOINT WARNING * * *
The orc hits you but does no damage. Something hits you but does no damage.
The orc barely misses you.
Things that are here:
a +0 whip; a +0 chain mail; an orc corpse The orc attacks as you move away!
The orc hits you with a +0 whip.
* * * LOW HITPOINT WARNING * * *
You hear some strange, mumbled words.
A magic dart appears from out of thin air!
The magic dart hits you!
You die...

######### #......g.
#############.#######
#.÷.@)o.......#
###.###{#.....###
#...###†#.....#
#.#....<#.....#
#.#.>.........#
#.#..#.##†..o.####
####.#..#.##........######
#....#..#)##.....##.oo....
#....#..#.##.....####.o...


You could see an orc.

Vanquished Creatures
  A scorpion (D:4)
  A jelly (D:4)
  An orc priest (D:3)
  A hound (D:4)
  2 iguanas (D:5)
  An orc wizard (D:4)
  Robin (D:1)
  2 gnolls (D:4)
  6 adders
  A worm (D:5)
  A dart slug (D:4)
  7 orcs
  9 ball pythons
  4 endoplasms
  2 giant cockroaches
  6 hobgoblins
  12 jackals
  6 kobolds
  8 quokkas
  11 bats
  4 frilled lizards
  12 goblins
  4 rats
103 creatures vanquished.

Notes
Turn   | Place    | Note
-------+----------+-------------------------------------------
     0 | D:1      | jimonade the Merfolk Warper began the quest for the Orb.
     0 | D:1      | Reached XP level 1. HP: 16/16 MP: 3/3
   148 | D:1      | Reached skill level 3 in Polearms
   155 | D:1      | Reached XP level 2. HP: 22/22 MP: 5/5
   929 | D:2      | Reached XP level 3. HP: 28/28 MP: 6/6
  1185 | D:2      | Reached skill level 1 in Armour
  1292 | D:2      | Identified the +5 dagger "Ommigoto" {flame, Int+3 Dex-5}
  1421 | D:1      | Reached XP level 4. HP: 8/34 MP: 7/7
  1964 | D:2      | Noticed Robin
  2394 | D:2      | Reached skill level 4 in Polearms
  2817 | D:1      | Killed Robin
  3475 | D:3      | Reached XP level 5. HP: 12/39 MP: 8/8
  3638 | D:3      | You are sucked into a shaft and drop 1 floor!
  3851 | D:4      | HP: 1/39 [scorpion (2)]
  3856 | D:4      | Reached skill level 5 in Polearms
  4185 | D:4      | Found a sacrificial altar of Ru.
  4275 | D:4      | Reached skill level 1 in Hexes
  4321 | D:4      | Reached XP level 6. HP: 41/46 MP: 9/9
  4360 | D:4      | Found a hide-covered altar of Uskayaw.
  4863 | D:5      | Entered Level 5 of the Dungeon
  4873 | D:5      | Noticed a black bear
  5474 | D:5      | Killed from afar by an orc wizard

Illustrated notes

Levels and vault maps discovered:
D:1:      minmay_arrival_up_and_down, layout_loops_ring, chequers_mini_garden
D:2:      layout_basic, uniq_robin
D:3:      layout_loops_ring
D:4:      layout_loops_cross, nicolae_uskayaw_murder_on_the_dancefloor,
          nicolae_ru_sacrificial_ziggurat, grunt_ministairs_13,
          grunt_decor_arrowhead
D:5:      layout_basic, nemelex_spade_bored_becter

Skill      XL: |  1  2  3  4  5  6 |
---------------+-------------------+-----
Polearms       | 3 4 5 |  5.9
Dodging        | 3 |  3.6
Armour         | 1 2 |  2.0
Translocations | 3 |  3.2
Hexes          | 1 |  1.5
Fighting       | |  2.9
Throwing       | |  1.0
Spellcasting   | |  2.8

Action                     |  1- 3 |  4- 6 || total
---------------------------+-------+-------++-------
  Melee: Spear             |   166 |   455 ||   621
         Punch             |     2 |     3 ||     5
  Throw: Boomerang         |       |     3 ||     3
    Use: Scroll            |       |     7 ||     7
         Potion            |       |     1 ||     1
 Armour: Leather armour    |    41 |    16 ||    57
         Ring mail         |       |   126 ||   126
  Dodge: Dodged            |    90 |   222 ||   312

Table legend: (Time is in decaauts)
 A = Elapsed time spent in this place.
 B = Non-inter-level travel time spent in this place.
 C = Inter-level travel time spent in this place.
 D = Time resting spent in this place.
 E = Time spent auto-exploring this place.
 F = Levels seen in this place.
 G = Mean time per level.
                   A        B        C        D        E       F      G
               +--------+--------+--------+--------+--------+-----+--------+
         Total |   5407 |   5174 |    233 |    996 |   2985 |   5 | 1081.4 |
       Dungeon |   5407 |   5174 |    233 |    996 |   2985 |   5 | 1081.4 |
               +--------+--------+--------+--------+--------+-----+--------+

Top non-repeatable levels by time:
     D:1: 1749 daAuts
     D:4: 1519 daAuts
     D:2: 1264 daAuts
     D:3: 600 daAuts
     D:5: 272 daAuts
